 Dungeon Crawl Stone Soup version 0.29.0-4-gdea44cf6ec (webtiles) character file.

Game seed: 5614064419001547858

193 qw the Ruffian (level 5, -2/50 HPs)
             Began as a Troll Cinder Acolyte on Sept 1, 2022.
             Was a High Priest of Ignis.
             Slain by an orc warrior
             ... wielding a +0 glaive of protection
              (18 damage)
             ... on level 4 of the Dungeon.
             The game lasted 00:01:27 (2406 turns).

qw the Ruffian (Troll Cinder Acolyte)               Turns: 2406, Time: 00:01:27

Health: -2/50      AC: 12    Str: 24    XL:     5   Next: 44%
Magic:  5/5        EV: 13    Int: 10    God:    Ignis [*****.]
Gold:   106        SH:  0    Dex:  5    Spells: 6/6 levels left

rFire   + . .      SeeInvis .     - Unarmed
rCold   . . .      Faith    .   (no shield)
rNeg    . . .      Spirit   .   a - +0 robe
rPois   +          Reflect  .   (helmet restricted)
rElec   .          Harm     .   f - +0 cloak
rCorr   .          Rampage  .   (gloves unavailable)
Will    .....                   (boots unavailable)
Stlth   +.........              (no amulet)
HPRegen 0.96/turn               b - +4 ring of evasion
MPRegen 0.09/turn               h - ring of poison resistance

@: fiery-armoured
A: large, unfitting armour, claws 3, regeneration 1, shaggy fur 1, tough skin 1
a: Renounce Religion, Fiery Armour, Foxfire Swarm, Rising Flame


You were on level 4 of the Dungeon.
You worshipped Ignis.
Ignis was extremely pleased with you.
You visited 1 branch of the dungeon, and saw 4 of its levels.

You collected 106 gold pieces.


Innate Abilities, Weirdness & Mutations

You are too large for most types of armour.
You have claws for hands.
Your natural rate of healing is unusually fast.
You are covered in fur. (AC +1)
You have tough skin. (AC +1)


   Skills:
 - Level 2.4 Fighting
 + Level 6.2 Unarmed Combat
 - Level 1.0 Spellcasting
 - Level 2.1 Fire Magic


You had 6 spell levels left.
You didn't know any spells.
Your spell library contained the following spells:

 Spells                   Type           Power      Damage    Failure   Level
 Scorch                   Fire           8%         2d5       22%         2

Inventory:

Armour
 a - a +0 robe (worn)
 f - a +0 cloak (worn)
Jewellery
 b - a +4 ring of evasion (left claw)
 h - a ring of poison resistance (right claw)
Scrolls
 d - a scroll of identify
 e - 2 scrolls of teleportation
Potions
 c - a potion of heal wounds
 g - 4 potions of might
 i - a potion of mutation
 j - a potion of cancellation {unknown}
 k - a potion of degeneration {unknown}
 l - 2 potions of curing

Dungeon Overview and Level Annotations

Branches:
Dungeon (4/15)
 Temple: D:4-7

Altars:
Makhleb
Vehumet

Annotations:
D:4 Grinder


Message History

A protective cloak of flame settles atop you.
Grinder shouts!
A ball python comes into view.
The ball python hisses angrily.
The orc warrior hits you from afar with a +0 glaive of protection!
The orc closely misses you. The orc warrior misses you.
2398 ||| Stepping ~*~*~tactically~*~*~ (outnumbered).
The orc attacks as you move away! The orc misses you.
The orc warrior closely misses you.
You closely miss the orc. The orc warrior closely misses you.
The orc closely misses you.
Grinder blinks!
You scratch the orc.
The orc is severely wounded.
The orc closely misses you.
The orc warrior hits you from afar with a +0 glaive of protection.
You claw the orc!
You kill the orc!
The orc warrior hits you from afar with a +0 glaive of protection!!
2402 ||| Stepping ~*~*~tactically~*~*~ (outnumbered).
The ball python attacks as you move away!
The ball python barely misses you.
Grinder blinks!
The ball python closely misses you.
You closely miss the ball python.
The orc warrior hits you from afar with a +0 glaive of protection.
The ball python misses you.
You mangle the orc!!
You kill the orc!
The ball python barely misses you. The orc warrior closely misses you.
You scratch the ball python but do no damage.
The ball python bites you but does no damage.
The ball python is burned by your cloak of flames.
You kill the ball python!
The orc warrior hits you from afar with a +0 glaive of protection.
Grinder blinks!
You closely miss the orc. The orc hits you with a +0 club.
The orc is burned by your cloak of flames.
The orc is severely wounded.
The orc warrior hits you from afar with a +0 glaive of protection!!
You die...

##.# ##....... .#
....###........ . ....
..... ..#....... ..#.#
#..##....##.. ....#
#..%..#....#####....##
#.......#####....5....
##.%..................
###<.........).).$......
###.)........#..@o........
...............###o......#
.............###.o...ยค...#
.................#........
.............#####........
.............# #......##
.............# #......#
.............# ########
.............#


You could see Grinder, an orc warrior and an orc.

Vanquished Creatures
  An orc priest (D:3)
  An iguana (D:4)
  5 adders
  4 worms
  4 dart slugs
  5 orcs
  5 ball pythons
  5 bats
  8 endoplasms
  3 giant cockroaches (D:2)
  6 goblins
  3 hobgoblins
  2 jackals (D:2)
  5 quokkas
  A frilled lizard (D:1)
  6 kobolds
  4 rats
68 creatures vanquished.

Vanquished Creatures (others)
  A quokka (D:3)
1 creature vanquished.

Grand Total: 69 creatures vanquished

Notes
Turn   | Place    | Note
-------+----------+-------------------------------------------
     0 | D:1      | qw the Troll Cinder Acolyte began the quest for the Orb.
     0 | D:1      | Reached XP level 1. HP: 22/22 MP: 1/1
     0 | D:1      | 0 ||| qw: Version: 0.1-a-97-g2dd2ca4
     0 | D:1      | 0 ||| qw: Game counter: 4858
     0 | D:1      | 0 ||| qw: Always use a shield: true
     0 | D:1      | 0 ||| qw: God list: Okawaru
     0 | D:1      | 0 ||| qw: Allow faded altars: false
     0 | D:1      | 0 ||| qw: Do Orc after D:15 true
     0 | D:1      | 0 ||| qw: Do second Lair branch before Depths: true
     0 | D:1      | 0 ||| qw: Lair rune preference: random
     0 | D:1      | 0 ||| qw: Plans: Normal
     0 | D:1      | 0 ||| PLANNING D:1-11
   126 | D:1      | 126 ||| Stepping ~*~*~tactically~*~*~ (stealth).
   136 | D:1      | Reached XP level 2. HP: 29/29 MP: 2/2
   206 | D:1      | Found a faded altar of an unknown god.
   611 | D:1      | 611 ||| UPGRADING to +0 cloak.
   616 | D:1      | 616 ||| UPGRADING to +4 ring of evasion.
   617 | D:1      | 617 ||| READING 2 scrolls labelled ZOSHEDIRIKY.
   622 | D:1      | 622 ||| READING scroll labelled ZATALIAVUL.
   623 | D:1      | 623 ||| READING scroll labelled XAFISMASIJ.
   624 | D:1      | 624 ||| READING scroll labelled QUIKYT OTIM.
   653 | D:2      | Reached skill level 4 in Unarmed Combat
   667 | D:2      | 667 ||| Stepping ~*~*~tactically~*~*~ (stealth).
   672 | D:2      | 672 ||| Stepping ~*~*~tactically~*~*~ (outnumbered).
   673 | D:2      | 673 ||| Stepping ~*~*~tactically~*~*~ (outnumbered).
   674 | D:2      | 674 ||| Stepping ~*~*~tactically~*~*~ (outnumbered).
   693 | D:2      | 693 ||| Stepping ~*~*~tactically~*~*~ (stealth).
   694 | D:2      | 694 ||| Stepping ~*~*~tactically~*~*~ (stealth).
   735 | D:2      | Reached XP level 3. HP: 36/36 MP: 3/3
   914 | D:2      | 914 ||| Stepping ~*~*~tactically~*~*~ (hiding).
   916 | D:2      | 916 ||| Stepping ~*~*~tactically~*~*~ (hiding).
  1647 | D:2      | 1647 ||| UPGRADING to ring of poison resistance.
  1648 | D:2      | 1648 ||| READING scroll labelled TOCKIU YMOLA.
  1649 | D:2      | 1649 ||| READING scroll labelled KAULE CUKH.
  1650 | D:2      | 1650 ||| READING scroll labelled DUADGH FEC IRR.
  1669 | D:2      | 1669 ||| DRINKING 3 fuming coppery potions.
  1670 | D:2      | 1670 ||| READING 2 scrolls of identify.
  1670 | D:2      | 1670 ||| IDENTIFYING murky yellow potion
  1719 | D:3      | 1719 ||| STAIRDANCE
  1804 | D:3      | Found a burning altar of Makhleb.
  1825 | D:3      | Found a radiant altar of Vehumet.
  1833 | D:3      | Reached XP level 4. HP: 44/44 MP: 4/4
  1849 | D:3      | Reached skill level 5 in Unarmed Combat
  1916 | D:3      | Identified the +1 leather armour "Zugal" {-Cast Harm
                  | *Corrode rPois}
  1943 | D:3      | 1943 ||| Stepping ~*~*~tactically~*~*~ (stealth).
  1944 | D:3      | 1944 ||| Stepping ~*~*~tactically~*~*~ (stealth).
  1946 | D:3      | 1946 ||| Stepping ~*~*~tactically~*~*~ (stealth).
  1947 | D:3      | 1947 ||| Stepping ~*~*~tactically~*~*~ (stealth).
  1955 | D:3      | 1955 ||| Stepping ~*~*~tactically~*~*~ (stealth).
  1956 | D:3      | 1956 ||| Stepping ~*~*~tactically~*~*~ (stealth).
  1964 | D:3      | 1964 ||| Stepping ~*~*~tactically~*~*~ (hiding).
  1965 | D:3      | 1965 ||| Stepping ~*~*~tactically~*~*~ (hiding).
  1968 | D:3      | 1968 ||| Stepping ~*~*~tactically~*~*~ (stealth).
  2209 | D:3      | Reached XP level 5. HP: 47/50 MP: 5/5
  2308 | D:3      | 2308 ||| DRINKING 3 bubbling red potions.
  2309 | D:3      | 2309 ||| READING 2 scrolls of identify.
  2309 | D:3      | 2309 ||| IDENTIFYING pink potion
  2315 | D:4      | 2315 ||| STAIRDANCE
  2320 | D:4      | 2320 ||| STAIRDANCE
  2358 | D:4      | 2358 ||| Stepping ~*~*~tactically~*~*~ (stealth).
  2363 | D:4      | Reached skill level 6 in Unarmed Combat
  2364 | D:4      | 2364 ||| Stepping ~*~*~tactically~*~*~ (stealth).
  2365 | D:4      | 2365 ||| Stepping ~*~*~tactically~*~*~ (stealth).
  2367 | D:4      | 2367 ||| Stepping ~*~*~tactically~*~*~ (stealth).
  2394 | D:4      | Noticed an orc warrior
  2394 | D:4      | Noticed Grinder
  2395 | D:4      | 2395 ||| INVOKING Fiery Armour.
  2398 | D:4      | 2398 ||| Stepping ~*~*~tactically~*~*~ (outnumbered).
  2402 | D:4      | 2402 ||| Stepping ~*~*~tactically~*~*~ (outnumbered).
  2406 | D:4      | Slain by an orc warrior

Levels and vault maps discovered:
D:1:      pf_arrival_petrified_forest, layout_basic,
          hellmonk_ecumenical_altar_lost_god, lemuel_another_geyser
D:2:      layout_loops_corners, minmay_indecisive_spiral
D:3:      layout_rooms, lemuel_crystal_altar, fiery_altar_vehumet,
          grunt_ministairs_12, minmay_cut_off
D:4:      layout_rooms, mainiacjoe_overflow_concentric_impassable,
          mainiacjoe_overflow_tiny_flanked, uniq_sigmund, uniq_grinder

Skill      XL: |  1  2  3  4  5 |
---------------+----------------+-----
Unarmed Combat | 4 5 6 |  6.2
Fighting       | |  2.4
Spellcasting   | |  1.0
Fire Magic     | |  2.1

Action                   |  1- 3 |  4- 6 || total
-------------------------+-------+-------++-------
Melee: Unarmed           |   105 |    63 ||   168
       Punch             |       |     1 ||     1
Invok: Fiery Armour      |       |     1 ||     1
  Use: Scroll            |     8 |     1 ||     9
       Potion            |     1 |     1 ||     2
Armor: Robe              |    23 |    14 ||    37
Dodge: Dodged            |    62 |    41 ||   103

Table legend:
 A = Non-vault XP
 B = Vault XP
 C = Vault XP percentage of total XP
 D = Non-vault monster count
 E = Vault monster count
 F = Vault count percentage of total count
                 A         B        C        D         E       F
            +---------+---------+-------+---------+---------+-------
      Total |     261 |      16 |   5.8 |      59 |       9 |  13.2
            +---------+---------+-------+---------+---------+-------
        D:1 |      26 |       0 |   0.0 |      14 |       0 |   0.0
        D:2 |      53 |       7 |  11.7 |      18 |       4 |  18.2
        D:3 |     114 |       9 |   7.3 |      18 |       5 |  21.7
        D:4 |      68 |       0 |   0.0 |       9 |       0 |   0.0
            +---------+---------+-------+---------+---------+-------
